 Seeded DCSS version 0.27.1 (webtiles) character file.

Game seed: 2011 (custom seed)

137 a11behringer the Slasher (level 5, 0/46 HPs)
             Began as a Minotaur Fighter on Aug 29, 2021.
             Succumbed to an adder's poison
             ... on level 2 of the Dungeon.
             The game lasted 00:06:01 (1644 turns).

a11behringer the Slasher (Minotaur Fighter)         Turns: 1644, Time: 00:06:02

Health: 0/46       AC:  8    Str: 20    XL:     5   Next: 0%
Magic:  4/4        EV:  7    Int:  5    God:
Gold:   47         SH:  9    Dex: 11    Spells: 4/4 levels left

rFire    . . .     SeeInvis .   a - +0 long sword (freeze)
rCold    . . .     Faith    .   c - +0 kite shield
rNeg     . . .     Spirit   .   b - +0 scale mail
rPois    .         Reflect  .   (helmet restricted)
rElec    .         Harm     .   (no cloak)
rCorr    .         Rampage  .   (no gloves)
Will     .....                  e - +0 pair of boots
Stlth    ..........             (no amulet)
HPRegen  0.15/turn              (no ring)
MPRegen  0.09/turn              (no ring)

@: lethally poisoned (0 -> -4)
A: horns 2, retaliatory headbutt
a: no special abilities


You were on level 2 of the Dungeon.
You visited 1 branch of the dungeon, and saw 3 of its levels.

You collected 47 gold pieces.

Inventory:

Hand Weapons
 a - a +0 long sword of freezing (weapon)
 g - a +4 whip
Armour
 b - a +0 scale mail (worn)
 c - a +0 kite shield (worn)
 e - a +0 pair of boots (worn)
Scrolls
 i - a scroll of fear {unknown}
 j - a scroll of amnesia {unknown}
 l - a scroll of magic mapping {unknown}
 m - a scroll of torment {unknown}
Potions
 d - a potion of might
 f - a potion of lignification {unknown}
 h - a potion of experience {unknown}
 k - a potion of heal wounds {unknown}


   Skills:
 - Level 3.9 Fighting
 * Level 5.8 Long Blades
 - Level 4.0 Armour
 - Level 3.7 Shields


You had 4 spell levels left.
You didn't know any spells.
Your spell library contained the following spells:

 Spells                   Type           Power      Damage    Failure   Level
 Foxfire                  Conj/Fire      0%         2x1d4     99%         1
 Conjure Flame            Conj/Fire      0%         6-21      100%        3
 Inner Flame              Hex/Fire       0%         N/A       100%        3


Dungeon Overview and Level Annotations

Branches:
Dungeon (3/15)

Altars:


Innate Abilities, Weirdness & Mutations

You have a pair of horns on your head.
You reflexively headbutt those who attack you in melee.


Message History

An orc comes into view. It is wielding a +0 club.
You hit the orc priest but do no damage.
You headbutt the orc priest.
The orc priest is heavily wounded.
An adder comes into view.
You block the orc priest's attack.
A kobold comes into view. It is wielding a +0 short sword.
You barely miss the orc priest. Your headbutt misses the orc priest.
The orc priest is heavily wounded.
The kobold throws a stone.
The stone closely misses you.
The orc priest invokes the aid of Beogh against you.
Pain shoots through your body! You block the orc's attack.
You hit the orc priest. You freeze the orc priest.
The orc priest is heavily wounded.
The kobold throws a stone.
You block the stone.
The orc priest hits you with a +0 dagger.
The orc hits you with a +0 mace!
An endoplasm comes into view.
The kobold throws a stone.
The stone barely misses you. You block the orc priest's attack.
The orc hits you with a +0 mace.
The endoplasm quivers.
The orc priest invokes the aid of Beogh against you.
Beogh smites you!
There is a stone staircase leading up here.
The adder closely misses you. You furiously retaliate!
You headbutt the adder. The orc barely misses you. The adder bites you.
* * * LOW HITPOINT WARNING * * *
You are poisoned.
The adder poisons you!
You climb upwards.
You feel very sick.
There is a stone staircase leading down here.
You slash the adder!
The adder seems to slow down.
You freeze the adder.
You kill the adder!
You feel sick. The orc hits you with a +0 mace!
* * * LOW HITPOINT WARNING * * *
You have reached level 5!
You hit the orc. You freeze the orc.
The orc is heavily wounded.
You die...

........)............##.#..#.#
#....#####...........##.#.##.#
#....# #...........##...##.#
#..##### ##.........####..##.#
.......#####...#...## #...##.#
.........# ######### ##.#.##.#
.#.##.##.#### ########..#.##.#
...##.......###..o.....##.<#.#
#...###.###.....@......###...#
...P........##..†......# ##..#
.....P.................# #..##
....P..###.###.........# ###..###
...P.P.................###.......
.................................
.......................###.......
.......###...(.........###.......
....(......##...............##.##


You could see an orc.

Vanquished Creatures
  Natasha (thrice) (D:2)
  2 adders (D:2)
  2 dart slugs (D:1)
  3 bats
  2 bat zombies (D:2)
  3 endoplasms
  A giant cockroach (D:2)
  4 goblins
  3 hobgoblins (D:1)
  3 quokkas
  5 ball pythons
  A ball python skeleton (D:2)
  3 frilled lizards
  A jackal zombie (D:2)
  3 kobolds
  A quokka skeleton (D:2)
  5 rats
45 creatures vanquished.

Vanquished Creatures (others)
  A withered plant (D:2)
1 creature vanquished.

Grand Total: 46 creatures vanquished

Notes
Turn   | Place    | Note
-------+----------+-------------------------------------------
     0 | D:1      | a11behringer the Minotaur Fighter began the quest for the
                  | Orb.
     0 | D:1      | Reached XP level 1. HP: 19/19 MP: 0/0
   301 | D:1      | Reached XP level 2. HP: 27/27 MP: 1/1
   344 | D:1      | Found a faded altar of an unknown god.
   441 | D:1      | Reached skill level 3 in Long Blades
  1038 | D:2      | Reached XP level 3. HP: 33/33 MP: 2/2
  1095 | D:2      | Noticed Natasha
  1099 | D:2      | Killed Natasha
  1100 | D:2      | Reached skill level 4 in Long Blades
  1163 | D:2      | Reached XP level 4. HP: 28/40 MP: 3/3
  1381 | D:2      | Noticed Natasha
  1393 | D:2      | Killed Natasha
  1394 | D:2      | Reached skill level 5 in Long Blades
  1443 | D:2      | Noticed Natasha
  1453 | D:2      | Killed Natasha
  1643 | D:2      | HP: 1/40 [orc (7)]
  1644 | D:2      | Reached XP level 5. HP: 1/46 MP: 4/4
  1644 | D:2      | Succumbed to an adder's poison

Illustrated notes

Levels and vault maps discovered:
D:1:      amcnicky_arrival_single_pillar, layout_basic,
          dreamdust_ecumenical_altar_grove
D:2:      layout_rooms, serial_undead, serial_undead_b, serial_undead_a,
          serial_undead_c, serial_undead_e, kennysheep_generic_room_10,
          uniq_natasha
D:3:      layout_loops_ring, minmay_misc_feat_chi, corner_web_ring,
          minmay_cupped, uniq_ijyb

Skill      XL: |  1  2  3  4 |
---------------+-------------+-----
Armour         | 4 |  4.0
Long Blades    | 3 4 5 |  5.8
Fighting       | |  3.9
Shields        | |  3.7

Action                   |  1- 3 |  4- 6 || total
-------------------------+-------+-------++-------
Melee: Long sword        |    70 |    33 ||   103
       Headbutt          |    10 |     5 ||    15
  Use: Scroll            |     1 |       ||     1
Armor: Scale mail        |    39 |    13 ||    52
Dodge: Dodged            |    34 |     9 ||    43
Block: Kite shield       |    49 |    23 ||    72
       Rpst.: Long sword |     8 |       ||     8
